 Dungeon Crawl Stone Soup version 0.27.1-4-g1640c2035a (webtiles) character file.

Game seed: 7723280671239021693

245 belegose the Cutter (level 6, -1/39 HPs)
             Began as a Kobold Berserker on Nov 17, 2021.
             Was a Believer of Trog.
             Slain by an orc wizard (15 damage)
             ... on level 3 of the Dungeon.
             The game lasted 00:07:57 (4558 turns).

belegose the Cutter (Kobold Berserker)              Turns: 4558, Time: 00:07:57

Health: -1/39      AC:  3    Str: 16    XL:     6   Next: 32%
Magic:  6/6        EV: 16    Int:  8    God:    Trog [**....]
Gold:   171        SH:  0    Dex: 15    Spells: 5/5 levels left

rFire    . . .     SeeInvis .   m - +3 hand axe
rCold    . . .     Faith    .   (shield restricted)
rNeg     . . .     Spirit   .   b - +0 animal skin
rPois    .         Reflect  .   (no helmet)
rElec    .         Harm     .   e - +0 cloak
rCorr    .         Rampage  .   (no gloves)
Will     .....                  (no boots)
Stlth    ++........             (no amulet)
HPRegen  0.13/turn              (no ring)
MPRegen  0.10/turn              (no ring)

@: confused, on berserk cooldown, slowed, very slow
A: small, no large weapons, nightstalker 3
a: Renounce Religion, Berserk, Trog's Hand


You were on level 3 of the Dungeon.
You worshipped Trog.
Trog was pleased with you.
You visited 1 branch of the dungeon, and saw 4 of its levels.

You collected 171 gold pieces.

Inventory:

Hand Weapons
 a - a +0 short sword
 m - a +3 hand axe (weapon)
 n - a +0 hunting sling
Missiles
 g - 161 stones
 i - 11 poisoned darts (quivered)
Armour
 b - a +0 animal skin (worn)
 e - a +0 cloak (worn)
Jewellery
 h - a ring of ice
 j - a ring of fire
Scrolls
 d - a scroll of enchant weapon {unknown}
 f - a scroll of immolation
 l - a scroll of vulnerability {unknown}
 o - a scroll of blinking {unknown}
 p - 4 scrolls of identify {unknown}
 q - a scroll of holy word {unknown}
 s - a scroll of fear {unknown}
 u - a scroll of teleportation {unknown}
Potions
 c - 5 potions of curing {unknown}
 k - a potion of heal wounds {unknown}
 r - 2 potions of flight {unknown}
 t - a potion of ambrosia {unknown}


   Skills:
 + Level 4.3 Fighting
 - Level 4.5 Short Blades
 + Level 2.1 Throwing
 + Level 2.5 Armour
 + Level 3.9 Dodging
 + Level 3.4 Stealth


You had 5 spell levels left.
You didn't know any spells.
Your spell library was empty.

Dungeon Overview and Level Annotations

Branches:
Dungeon (4/15)
 Temple: D:4-7

Altars:
Ru
Uskayaw

Shops:
D:4 =


Innate Abilities, Weirdness & Mutations

You are small and have problems with some larger weapons.
You are completely attuned to the shadows.


Message History

Unknown command.
You start resting.
HP restored.
Unknown command.
You climb downwards.
The orc wizard points at you and mumbles some strange words.
You resist with some effort.
There is a stone staircase leading up, spattered with blood here.
The orc wizard misses you.
You climb upwards.
There is a stone staircase leading down, spattered with blood here.
Unknown command.
You barely miss the orc wizard. The orc wizard barely misses you.
You closely miss the orc wizard.
The orc wizard hits you but does no damage.
You are electrocuted!!
You barely miss the orc wizard.
The orc wizard hits you with a +1 dagger of electrocution.
The orc wizard misses you.
You are too injured to fight recklessly!
A red film seems to cover your vision as you go berserk!
You feel yourself moving faster!
You feel mighty! The orc wizard casts a spell at you.
You are confused.
You feel a strong urge to attack something.
Things that are here:
a +0 scale mail; a +0 short sword The orc wizard closely misses you.
There is a stone staircase leading down, spattered with blood here.
You feel your anger nearly subside.
Things that are here:
a +0 scale mail; a +0 short sword You bump into the rock wall.
You are no longer berserk.
You are exhausted.
You feel yourself slow down.
You hit the orc wizard but do no damage.
The orc wizard hits you with a +1 dagger of electrocution.
You are electrocuted!
You die...

###.#
#.###.##.#.#.#.#...##
....#
#.....##...........#
#####
##############.#...#
#.##### #.# #.#
########.#
#######........#
#..o@...######.###
#.####..##.......####
#.####..##.##........
#.#..............####
###
#.#.##..##.#.....#
..#
#.....>.##.......#
#.#
###.#..........#.#
#.# #.#.########.#.#
#.# #.#.#......#.#.#


You could see an orc wizard.

Vanquished Creatures
  A phantom (D:3)
  A scorpion (D:4)
  A hound (D:4)
  2 adders
  An ufetubus (D:4)
  A dart slug (D:2)
  An orc (D:3)
  3 bats
  3 endoplasms
  4 giant cockroaches
  7 goblins
  6 hobgoblins
  A kobold (D:2)
  6 quokkas
  5 ball pythons
  3 frilled lizards (D:1)
  5 rats
51 creatures vanquished.

Vanquished Creatures (others)
  A plant (D:3)
1 creature vanquished.

Grand Total: 52 creatures vanquished

Notes
Turn   | Place    | Note
-------+----------+-------------------------------------------
     0 | D:1      | belegose the Kobold Berserker began the quest for the Orb.
     0 | D:1      | Reached XP level 1. HP: 14/14 MP: 1/1
    88 | D:1      | Found a faded altar of an unknown god.
   246 | D:1      | Reached XP level 2. HP: 19/19 MP: 2/2
   279 | D:1      | Reached skill level 1 in Stealth
   903 | D:1      | Reached XP level 3. HP: 17/23 MP: 3/3
  1164 | D:2      | Reached ** piety under Trog
  1891 | D:2      | Found a sacrificial altar of Ru.
  2393 | D:3      | Reached XP level 4. HP: 28/28 MP: 4/4
  3064 | D:3      | Found a hide-covered altar of Uskayaw.
  3529 | D:4      | Reached skill level 1 in Throwing
  3536 | D:4      | Found Cuomot's Jewellery Shoppe.
  3566 | D:4      | Reached XP level 5. HP: 14/33 MP: 5/5
  4238 | D:4      | Noticed a phantom
  4420 | D:3      | Killed a phantom
  4421 | D:3      | Reached XP level 6. HP: 31/39 MP: 6/6
  4558 | D:3      | Slain by an orc wizard

Illustrated notes

Levels and vault maps discovered:
D:1:      mrwooster_arrival_statue_2, layout_loops_ring,
          hellmonk_ecumenical_altar_blasted, serial_park_tiny_pond, st_stairs_3,
          kennysheep_boxes
D:2:      layout_loops_corners, basic_altar
D:3:      cheibrodos_old_hovel, layout_loops_corners, lemuel_doored_altar
D:4:      layout_loops_ring, minmay_temple_entry_crystal_x, serial_shops,
          nicolae_shop_waterfront

Skill      XL: |  1  2  3  4  5 |
---------------+----------------+-----
Stealth        | 1 2 3 |  3.4
Armour         | 2 |  2.5
Dodging        | 3 |  3.9
Throwing       | 1 2 |  2.1
Fighting       | 4 |  4.3
Short Blades   | |  4.5

Action                   |  1- 3 |  4- 6 || total
-------------------------+-------+-------++-------
Melee: Short sword       |    45 |       ||    45
       Hand axe          |    27 |    59 ||    86
Throw: Dart              |       |     4 ||     4
Invok: Berserk           |       |     4 ||     4
 Stab: Sleeping          |    14 |     5 ||    19
Armor: Animal skin       |    11 |     9 ||    20
Dodge: Dodged            |    39 |    56 ||    95
